 Dungeon Crawl Stone Soup version 0.19-a0-1007-g133f65f (webtiles) character file.

28 towersofbeng the Grave Robber (level 2, -2/19 HPs)
             Began as a Vampire Necromancer on July 20, 2016.
             Slain by an adder (4 damage)
             ... on level 2 of the Dungeon.
             The game lasted 00:05:20 (929 turns).

towersofbeng the Grave Robber (Vampire Necromancer)  Turns: 929, Time: 00:05:21

Health: -2/19      AC:  3    Str:  7    XL:     2   Next: 96%
Magic:  0/5        EV: 12    Int: 17    God:
Gold:   37         SH:  0    Dex: 14    Spells: 1 memorised, 5 levels left

rFire  . . .     SeeInvis +     (no weapon)
rCold  . . .     Gourm    .     a - +0 robe
rNeg   . . .     Faith    .     (no shield)
rPois  .         Spirit   .     (no helmet)
rElec  .         Dismiss  .     m - +0 cloak
rCorr  .         Reflect  .     (no gloves)
SustAt .         Harm     .     (no boots)
MR     .....                    (no amulet)
Stlth  ++........               (no ring)
                                h - ring of see invisible

@: regenerating quickly, not resistant to hostile enchantments, unstealthy
A: fangs 3, see invisible, unbreathing
a: no special abilities


You were on level 2 of the Dungeon.
You were very full.

You visited 1 branch of the dungeon, and saw 2 of its levels.

You collected 37 gold pieces.

Inventory:

Hand Weapons
 e - a +0 hand axe
 j - a +0 short sword
Armour
 a - a +0 robe (worn)
 m - a +0 cloak (worn)
Jewellery
 h - a ring of see invisible (left hand)
Scrolls
 d - a scroll of identify {unknown}
 i - a scroll of fear {unknown}
 k - a scroll of random uselessness {unknown}
 l - 2 scrolls of remove curse
Potions
 f - a potion of degeneration {unknown}
 g - a potion of heal wounds {unknown}
Books
 b - a book of Necromancy

   Spells                             Type                      Level
   a - Pain                           Necromancy                   1
   b - Animate Skeleton               Necromancy                   1
   c - Vampiric Draining              Necromancy                   3
   d - Regeneration                   Charms/Necromancy            3
   e - Animate Dead                   Necromancy                   4
   f - Control Undead                 Necromancy                   4


   Skills:
 + Level 0.1 Fighting
 + Level 2.1 Dodging
 + Level 3.1 Stealth
 + Level 0.4 Unarmed Combat
 * Level 2.5 Spellcasting
 + Level 4.9 Necromancy


You had 5 spell levels left.
You knew the following spells:

 Your Spells              Type           Power        Failure   Level  Hunger
a - Pain                  Necr           ###.         2%          1    #......


Dungeon Overview and Level Annotations

Branches:
Dungeon (2/15)

Altars:


Innate Abilities, Weirdness & Mutations

Your natural rate of healing is unusually fast.
You have razor-sharp teeth.
You have supernaturally acute eyesight. (SInv)
You can survive without breathing.


Message History

You closely miss the adder. Your bite misses the adder.
The adder is almost dead.
The adder barely misses you.
The rat twitches its whiskers.
You hit the adder.
The adder is almost dead.
The adder barely misses you. The adder bites you.
You miss the adder.
The adder is almost dead.
The adder bites you.
* * * LOW HITPOINT WARNING * * *
A worm comes into view.
Casting: Pain
Confirm with . or Enter, or press ? or * to list all spells.
Aiming: Pain
Press: ? - help, Shift-Dir - straight line, f/p - adder
Aim: an adder (almost dead, chance to defeat MR: 84%)
The adder barely resists.
The adder closely misses you. The adder bites you.
You die...

##.#########...##.#
##.# #..###..#
...########.###..##
............#...##
...##########.###
..)# #.# .<.# #.#
...#
##.############
##.#
#....@%g......# #.#
#.####S######.# #.#
... ..r.. #.# ...##
##.....# #.# ...##
##.#.## #.# ..
.###w . # ##


You could see a worm, an adder, a hobgoblin and a rat.

Vanquished Creatures
  An ooze (D:2)
  A dart slug (D:1)
  A giant gecko (D:1)
  2 goblins
  4 hobgoblins (D:1)
  A jackal (D:2)
  2 kobolds (D:1)
  2 bats
  3 giant newts (D:1)
  2 rats (D:1)
19 creatures vanquished.

Notes
Turn   | Place    | Note
-------+----------+-------------------------------------------
     0 | D:1      | towersofbeng the Vampire Necromancer began the quest for the Orb.
     0 | D:1      | Reached XP level 1. HP: 13/13 MP: 3/3
     0 | D:1      | Noticed a spriggan
     3 | D:1      | Noticed a spriggan
    10 | D:1      | Noticed a draconian
    11 | D:1      | Noticed a gargoyle
    13 | D:1      | Noticed an elf
    13 | D:1      | Noticed a spriggan
    15 | D:1      | Noticed a spriggan
    22 | D:1      | Noticed a vine stalker
    22 | D:1      | Noticed a human
   329 | D:1      | Reached XP level 2. HP: 19/19 MP: 3/5
   929 | D:2      | Slain by an adder

Vault maps used:
D:1:      shiori_arrival_whats_in_store_for_you
D:2:      minmay_ruptured

Action                   || total
-------------------------++-------
Melee: Unarmed           ||    35
       Bite              ||     4
 Cast: Pain              ||    25
  Use: Scroll            ||     2
       Potion            ||     1
 Stab: Sleeping          ||     1
  Eat: Corpse            ||     7
Armor: Robe              ||     8
Dodge: Dodged            ||    32
